 Dungeon Sprint DCSS version 0.30-a0-777-ga9a30cbeda (webtiles) character file.

Game seed: 4735840495920210474

779 Hubris850 the Eclecticist (level 7, -1/36 HPs)
             Began as a Deep Elf Conjurer on Feb 13, 2023.
             Was a High Priest of Vehumet.
             Slain by a phantasmal warrior (23 damage)
             ... in the Dungeon (Sprint VII: "The Pits").
             The game lasted 00:05:00 (702 turns).

Hubris850 the Eclecticist (Deep Elf Conjurer)        Turns: 702, Time: 00:05:01

Health: -1/36      AC:  2    Str:  4    XL:     7   Next: 54%
Magic:  19/27      EV: 13    Int: 25    God:    Vehumet [*****.]
Gold:   0          SH:  0    Dex: 13    Spells: 22/36 levels left

rFire   . . .      SeeInvis .    l - +2 long sword (flame)
rCold   . . .      Faith    .    (no shield)
rNeg    . . .      Spirit   .    a - +0 robe
rPois   .          Reflect  .    (no helmet)
rElec   .          Harm     .    (no cloak)
rCorr   .          Rampage  .    (no gloves)
Will    .....      NoTele   +    (no boots)
Stlth   ++                       (no amulet)
HPRegen 0.26/turn                (no ring)
MPRegen 0.20/turn                (no ring)

@: weak-willed
A: no striking features
a: Renounce Religion


You were in the Dungeon.
You worshipped Vehumet.
Vehumet was extremely pleased with you.
You visited 1 branch

Inventory:

Hand Weapons
 d - a +2 dagger
 l - a +2 long sword of flaming (weapon)
Armour
 a - a +0 robe (worn)
Scrolls
 g - a scroll of blinking
 i - 5 scrolls of amnesia
 j - a scroll of butterflies
Potions
 b - 5 potions of magic
 c - 6 potions of curing
 e - a potion of haste
 f - 3 potions of berserk rage
 h - 2 potions of invisibility
 k - 5 potions of heal wounds


   Skills:
 - Level 3.4 Dodging
 - Level 3.0 Stealth
 + Level 15.2 Spellcasting
 + Level 13.4 Conjurations


You had 22 spell levels left.
You knew the following spells:

 Your Spells              Type           Power      Damage    Failure   Level
a - Magic Dart            Conj           100%       1d8       0%          1
b - Searing Ray           Conj           100%       2d8       0%          2
c - Dazzling Flash        Conj/Hex       100%       N/A       1%          3
d - Fulminant Prism       Conj/Hex       25%        3d14      1%          4
e - Iskenderun's Mystic   Conj/Tloc      51%        2d11      1%          4

Your spell library contained the following spells:

 Spells                   Type           Power      Damage    Failure   Level
 Ignite Poison            Fire/Tmut/Pois 19%        N/A       2%          3


Dungeon Overview and Level Annotations

Branches:
Dungeon (1/1)

Altars:
Ashenzari
Cheibriados
Dithmenos
Elyvilon
Fedhas
Gozag
Hepliaklqana
Kikubaaqudgha
Makhleb
Nemelex Xobeh
Okawaru
Qazlal
Ru
Sif Muna
Trog
Uskayaw
Vehumet
Wu Jian
Xom
Yredelemnul
Zin
The Shining One
Jiyva
Lugonu


Message History

Unknown command.
Casting: Fulminant Prism (dangerous; 1% risk of failure)
Confirm with . or Enter, or press ? or * to list all spells.
Casting: Dazzling Flash (safe; 1% risk of failure)
Press: ? - help, Dir - look around, f - activate
Okay, then.
Casting: Dazzling Flash (safe; 1% risk of failure)
Confirm with . or Enter, or press ? or * to list all spells.
Aiming: Searing Ray (safe; 0% risk of failure)
Press: ? - help, Shift-Dir - straight line, f - orc high priest
Aim: an orc high priest, wielding a +0 morningstar and wearing a +0 leather armour (ally target, 79% to hit)
The searing ray hits the phantasmal warrior!
The phantasmal warrior is lightly damaged.
The searing ray hits the orc sorcerer.
The orc sorcerer is lightly wounded.
The searing ray hits the hellwing but does no damage.
The searing ray hits the orc high priest!
The orc high priest is lightly wounded. (Press . to maintain the ray.)
Something hits your fulminant prism.
The orc priest calls upon Beogh to heal the orc high priest.
The orc high priest is healed somewhat.
The orc high priest hits your fulminant prism with a +0 morningstar!
The troll bites your fulminant prism!
The troll claws your fulminant prism but does no damage.
The troll claws your fulminant prism!
Your fulminant prism explodes!
The blast of energy engulfs the orc warrior!
The orc warrior is moderately wounded.
Vehumet accepts your kill.
Vehumet offers you knowledge of Ignite Poison.
You feel your power returning.
You feel a bit more experienced.
The blast of energy engulfs the ball python!
You kill the ball python!
Vehumet accepts your kill.
You feel your power returning.
The blast of energy engulfs the troll!
The troll is moderately wounded.
The phantasmal warrior hits you!!
Ouch! That really hurt!
You die...

#)#.....#'###...<...#
#.#.†......##.......#
#.#........##.......#
#†###########.......#
#.......#..##########
#.###...#.## ###
#.#.....#†# ...#
#.#...#.#)#o.T.#
#.....#.#@Woo..+
#...###.#'#o4o.#
#......†'.# *..#
########### ###


You could see an orc high priest, a phantasmal warrior, a hellwing (summoned), a
troll, an orc sorcerer, an orc warrior, an orc priest, an orc wizard and a
friendly fulminant prism.

Vanquished Creatures
  A warg (D)
  A floating eye (D)
  An ogre (D)
  2 centaurs (D)
  Blork the orc (D)
  A kobold brigand (D)
  A scorpion (D)
  A necrophage (D)
  An iguana (D)
  An orc wizard (D)
  A gnoll (D)
  An adder (D)
  An ufetubus (D)
  2 ball pythons (D)
  A bat skeleton (D)
  A hobgoblin (D)
  6 jackals (D)
  A quokka (D)
  A rat (D)
26 creatures vanquished.

Vanquished Creatures (others)
  3 fulminant prisms (D)
3 creatures vanquished.

Grand Total: 29 creatures vanquished

Notes
Turn   | Place    | Note
-------+----------+-------------------------------------------
     0 | D        | Hubris850 the Deep Elf Conjurer began the quest for the
                  | Orb.
     0 | D        | Reached XP level 1. HP: 10/10 MP: 6/6
     8 | D        | Noticed a scorpion
    17 | D        | Killed a scorpion
    18 | D        | Reached skill level 7 in Spellcasting
    18 | D        | Reached XP level 2. HP: 15/15 MP: 0/12
    18 | D        | Reached XP level 3. HP: 19/19 MP: 0/13
    21 | D        | Learned a level 2 spell: Searing Ray
    25 | D        | Learned a level 3 spell: Dazzling Flash
    52 | D        | Found a glowing golden altar of the Shining One.
    52 | D        | Found a glowing silver altar of Zin.
    52 | D        | Found a basalt altar of Yredelemnul.
    52 | D        | Found a shimmering altar of Xom.
    52 | D        | Found an ornate altar of the Wu Jian Council.
    52 | D        | Found a bloodstained altar of Trog.
    52 | D        | Found a shimmering blue altar of Sif Muna.
    52 | D        | Found a sacrificial altar of Ru.
    52 | D        | Found a stormy altar of Qazlal.
    52 | D        | Found an iron altar of Okawaru.
    52 | D        | Found a sparkling altar of Nemelex Xobeh.
    52 | D        | Found a burning altar of Makhleb.
    52 | D        | Found a viscous altar of Jiyva.
    52 | D        | Found a hazy altar of Hepliaklqana.
    52 | D        | Found an opulent altar of Gozag.
    52 | D        | Found a blossoming altar of Fedhas.
    52 | D        | Found a white marble altar of Elyvilon.
    52 | D        | Found a shadowy altar of Dithmenos.
    52 | D        | Found a snail-covered altar of Cheibriados.
    53 | D        | Found a radiant altar of Vehumet.
    53 | D        | Found a corrupted altar of Lugonu.
    54 | D        | Found an ancient bone altar of Kikubaaqudgha.
    54 | D        | Found a hide-covered altar of Uskayaw.
    54 | D        | Found a broken altar of Ashenzari.
   114 | D        | Became a worshipper of Vehumet
   128 | D        | Reached * piety under Vehumet
   128 | D        | Offered knowledge of Kiss of Death by Vehumet.
   129 | D        | Reached XP level 4. HP: 24/24 MP: 11/15
   168 | D        | Noticed a floating eye
   169 | D        | Reached ** piety under Vehumet
   171 | D        | Killed a floating eye
   172 | D        | Reached skill level 10 in Spellcasting
   172 | D        | Reached XP level 5. HP: 28/28 MP: 13/19
   176 | D        | Reached *** piety under Vehumet
   256 | D        | Learned a level 4 spell: Fulminant Prism
   261 | D        | Learned a level 4 spell: Iskenderun's Mystic Blast
   313 | D        | Noticed Blork the orc
   324 | D        | Killed Blork the orc
   324 | D        | Offered knowledge of Foxfire by Vehumet.
   325 | D        | Reached skill level 11 in Spellcasting
   325 | D        | Reached skill level 10 in Conjurations
   325 | D        | Reached XP level 6. HP: 32/32 MP: 14/22
   335 | D        | Reached **** piety under Vehumet
   336 | D        | Reached skill level 12 in Spellcasting
   432 | D        | Noticed a warg
   440 | D        | Killed a warg
   441 | D        | Reached skill level 13 in Spellcasting
   553 | D        | Offered knowledge of Momentum Strike by Vehumet.
   585 | D        | Reached skill level 14 in Spellcasting
   585 | D        | Reached XP level 7. HP: 20/36 MP: 21/26
   648 | D        | Reached ***** piety under Vehumet
   655 | D        | Reached skill level 15 in Spellcasting
   699 | D        | Noticed a phantasmal warrior
   699 | D        | Noticed an orc high priest
   699 | D        | Noticed a troll
   699 | D        | Noticed an orc sorcerer
   702 | D        | Noticed a hellwing
   702 | D        | Offered knowledge of Ignite Poison by Vehumet.
   702 | D        | Slain by a phantasmal warrior

Illustrated notes

Levels and vault maps discovered:
D:        pitsprint [storerooms_1, entrance_room_1, metal_vault_1, armoury_1,
          mini_pit_1, grid_room_1, main_hall_1, silver_pit, the_coven_1,
          the_vestibule_1, steel_vault_4, golden_pit, hallway_of_sentries,
          crystal_vault_4, iron_vault_1, final_vault]

Skill      XL: |  1  2  3  4  5  6  7 |
---------------+----------------------+-----
Dodging        | 3 |  3.4
Stealth        | 3 |  3.0
Spellcasting   | 7 10 11 14 15 | 15.2
Conjurations   | 7 9 10 12 13 | 13.4

Action                     |  1- 3 |  4- 6 |  7- 9 || total
---------------------------+-------+-------+-------++-------
  Melee: Dagger            |       |     1 |       ||     1
         Long sword        |       |     3 |       ||     3
   Cast: Magic Dart        |     6 |    17 |       ||    23
         Searing Ray       |     1 |     7 |     3 ||    11
         Fulminant Prism   |       |     2 |     2 ||     4
         Iskenderun's Myst |       |     1 |       ||     1
    Use: Potion            |     1 |       |       ||     1
 Armour: Robe              |     1 |     8 |     1 ||    10
  Dodge: Dodged            |     2 |    20 |     4 ||    26

Table legend: (Time is in decaauts)
 A = Elapsed time spent in this place.
 B = Non-inter-level travel time spent in this place.
 C = Inter-level travel time spent in this place.
 D = Time resting spent in this place.
 E = Time spent auto-exploring this place.
 F = Levels seen in this place.
 G = Mean time per level.
                   A        B        C        D        E       F      G
               +--------+--------+--------+--------+--------+-----+--------+
         Total |    702 |    702 |      0 |    445 |      0 |   1 |  702.0 |
       Dungeon |    702 |    702 |      0 |    445 |      0 |   1 |  702.0 |
               +--------+--------+--------+--------+--------+-----+--------+

Top non-repeatable levels by time:
       D: 702 daAuts
